 Dungeon Crawl Stone Soup version 0.17.1-1-g73c8601 (webtiles) character file.

718 abixa the Basher (level 7, -6/71 HPs)
             Began as an Ogre Skald on Dec 28, 2015.
             Killed from afar by an orc wizard (7 damage)
             ... with a magic dart
             ... on level 4 of the Dungeon.
             The game lasted 00:16:11 (5105 turns).

abixa the Basher (Ogre Skald)                       Turns: 5105, Time: 00:16:11

Health: -6/71      AC:  3    Str: 18    XL:     7   Next: 70%
Magic:  8/10       EV:  9    Int: 13    God:
Gold:   143        SH:  0    Dex:  9    Spells: 3 memorised, 5 levels left

rFire  . . .     SeeInvis .     q - +1 whip (elec)
rCold  . . .     Clarity  .     b - +0 robe
rNeg   . . .     SustAt   .     (no shield)
rPois  .         Gourm    .     (helmet restricted)
rElec  .         Spirit   .     (no cloak)
rCorr  .         Warding  .     (gloves unavailable)
rMut   .         Stasis   .     (boots unavailable)
MR     .....                    (no amulet)
Stlth  ++........               g - ring of stealth
                                t - ring of wizardry

@: not resistant to hostile enchantments, unstealthy
A: unfitting armour, tough skin 1
a: no special abilities


You were on level 4 of the Dungeon.
You were hungry.

You visited 1 branch of the dungeon, and saw 4 of its levels.
You also visited: Ossuary.

You collected 143 gold pieces.

Inventory:

Hand Weapons
 q - a +1 whip of electrocution (weapon)
 D - a +0 giant club
Missiles
 f - 148 stones (quivered)
 o - 4 large rocks
Armour
 b - a +0 robe (worn)
Jewellery
 g - a ring of stealth (right hand)
 t - a ring of wizardry (left hand)
Wands
 u - a wand of flame (26)
Scrolls
 j - a scroll of noise {unknown}
 n - a scroll of recharging {unknown}
 p - 5 scrolls of identify {unknown}
 r - a scroll of enchant armour {unknown}
 v - a scroll of enchant weapon {unknown}
 y - a scroll of teleportation {unknown}
 B - a scroll of summoning {unknown}
Potions
 e - a potion of flight {unknown}
 i - 3 potions of curing
 k - 2 potions of mutation {unknown}
 l - a potion of degeneration {unknown}
 m - a potion of cure mutation {unknown}
 s - a potion of lignification {unknown}
 w - a potion of berserk rage {unknown}
 x - a potion of invisibility {unknown}
 z - 2 potions of cancellation {unknown}
 A - a potion of heal wounds {unknown}
Books
 c - a book of Battle

   Spells                             Type                      Level
   a - Infusion                       Charms                       1
   b - Shroud of Golubria             Charms/Translocation         2
   c - Song of Slaying                Charms                       2
   d - Spectral Weapon                Hexes/Charms                 3
   e - Regeneration                   Charms/Necromancy            3
Comestibles
 d - 4 bread rations
 h - a slice of pizza


   Skills:
 + Level 4.9 Fighting
 + Level 10.1 Maces & Flails
 - Level 1.3 Dodging
 - Level 2.4 Spellcasting
 - Level 2.1 Charms


You had 5 spell levels left.
You knew the following spells:

 Your Spells              Type           Power        Failure   Level  Hunger
a - Infusion              Chrm           #.....       4%          1    #......
b - Song of Slaying       Chrm           #.......     7%          2    ###....
c - Shroud of Golubria    Chrm/Tloc      #.........   10%         2    ###....


Dungeon Overview and Level Annotations

Branches:
Dungeon (4/15)
 Temple: D:4-7

Altars:


Innate Abilities, Weirdness & Mutations

You are too large for most types of armour.
You have tough skin (AC +1).


Message History

An orc comes into view. It is wielding a club.
The orc shouts! x2
Read which item? (? for menu, Esc to quit)
Okay, then.
Unknown command.
Unknown command.
The orc shouts!
The orc closely misses you.
The orc wizard shouts!
The orc shouts!
The orc hits you.
* * * LOW HITPOINT WARNING * * *
The orc wizard gestures wildly while chanting.
The orc wizard blinks!
The orc hits you with a falchion.
* * * LOW HITPOINT WARNING * * *
The orc barely misses you. The orc hits you with a flail.
* * * LOW HITPOINT WARNING * * *
The orc wizard casts a spell at you. The magic dart hits you!
You die...

#.# #.# #.# #g#
#.# #.# #.# #
#g# # #. #.#
#.#.#####.##
#........o.#
......ogo.#
##....o@..#
####.....#
#o....# #.#.###
#.#.# #.#.#
##########.#.#
#..........#.#
.##.....######.#


You could see an orc wizard, 3 gnolls and 4 orcs.

Vanquished Creatures
  2 ogres (D:4)
  An elf zombie (Ossuary)
  A giant frog (D:3)
  A gnoll shaman (D:4)
  A hound (D:4)
  3 worker ants (D:4)
  2 giant frog skeletons (D:4)
  3 mummies (Ossuary)
  4 gnolls
  5 adders
  An ooze (D:3)
  3 adder zombies (Ossuary)
  5 worms
  A giant gecko (D:3)
  An orc (D:4)
  4 giant cockroaches
  A gnoll zombie (Ossuary)
  8 hobgoblins
  8 jackals
  3 quokkas
  6 bats
  6 giant newts
  9 goblins
  2 goblin zombies (Ossuary)
  2 hobgoblin zombies (Ossuary)
  8 kobolds
  4 kobold zombies (Ossuary)
  2 quokka zombies (Ossuary)
  10 rats
  3 rat zombies (Ossuary)
110 creatures vanquished.

Notes
Turn   | Place    | Note
--------------------------------------------------------------
     0 | D:1      | abixa the Ogre Skald began the quest for the Orb.
     0 | D:1      | Reached XP level 1. HP: 22/22 MP: 3/3
    63 | D:1      | Reached skill level 3 in Maces & Flails
   277 | D:1      | Reached XP level 2. HP: 22/29 MP: 0/5
   571 | D:1      | Reached skill level 4 in Maces & Flails
  1266 | D:2      | Reached XP level 3. HP: 19/36 MP: 1/6
  1502 | D:1      | Learned a level 2 spell: Song of Slaying
  1618 | D:2      | Reached skill level 5 in Maces & Flails
  2124 | D:2      | Reached XP level 4. HP: 39/44 MP: 2/7
  2580 | D:2      | Reached skill level 6 in Maces & Flails
  3201 | D:3      | Reached XP level 5. HP: 47/50 MP: 3/8
  3341 | D:3      | Learned a level 2 spell: Shroud of Golubria
  3364 | D:3      | Noticed a giant frog
  3365 | D:3      | Killed a giant frog
  3365 | D:3      | Reached skill level 7 in Maces & Flails
  4033 | D:4      | Reached skill level 8 in Maces & Flails
  4033 | D:4      | Reached XP level 6. HP: 37/59 MP: 7/9
  4112 | D:4      | Found a sand-covered staircase.
  4270 | Ossuary  | Entered an ossuary
  4506 | Ossuary  | Reached skill level 9 in Maces & Flails
  4699 | D:4      | Reached XP level 7. HP: 64/67 MP: 7/10
  4942 | D:4      | Noticed an ogre
  4949 | D:4      | Killed an ogre
  4989 | D:4      | Noticed an ogre
  4997 | D:4      | Killed an ogre
  4997 | D:4      | Reached skill level 10 in Maces & Flails
  5104 | D:4      | HP: 3/71 [orc/falchion (2)]
  5105 | D:4      | HP: 1/71 [orc/flail (2)]
  5105 | D:4      | Killed from afar by an orc wizard

Action                   |  1- 3 |  4- 6 |  7- 9 || total
-------------------------+-------+-------+-------++-------
Melee: Mace              |   144 |    36 |       ||   180
       Whip              |       |   157 |    43 ||   200
Throw: Stone             |     1 |    12 |     3 ||    16
       Large rock        |       |     4 |       ||     4
 Cast: Infusion          |    10 |    14 |     6 ||    30
       Song of Slaying   |       |     1 |     1 ||     2
       Shroud of Golubri |       |     1 |       ||     1
 Stab: Sleeping          |     3 |       |       ||     3
  Eat: Chunk             |     4 |     6 |     2 ||    12
       Pizza             |       |     1 |       ||     1
